Map: Acid Plant LE

Players

SpaceJam

  • Race: Terran Terran
  • Spawn Location: 5:00

Pure - Winner!

  • Race: Protoss Protoss
  • Spawn Location: 11:00

Event: WCS Montreal 2018

VOD

Have the link to the VOD?

Description

Time

  • Played on: Sept. 7, 2018, 1:14 p.m.
  • Length: 14:31

All games in this series

Show
View Real Time Build Order
Export as new Build Order

SpaceJam Terran 

Build Orders: Liberator Opening, MMM Bio 

Get SALT Encoding   

  12  0:01  SCV  
  13  0:13  SCV  
  14  0:17  Supply Depot  
  14  0:25  SCV  
  15  0:39  SCV  
  16  0:45  Refinery  
  16  0:50  Barracks  
  16  0:51  SCV  
  17  0:57  Refinery  
  17  1:03  SCV  
  18  1:15  SCV  
  19  1:38  Orbital Command  
  19  1:39  Reaper  
  20  1:40  Supply Depot  
  20  1:52  Factory  
  20  1:58  Bunker  
  20  2:06  SCV  
  21  2:11  Reaper  
  22  2:18  SCV  
  23  2:28  Supply Depot  
  22  2:35  SCV  
  23  2:40  Factory Reactor  
  23  2:44  Starport  
  23  2:47  SCV  
  24  2:59  SCV  
  25  3:09  Liberator, Command Center  
  24  3:20  Cyclone  
  24  3:25  SCV  
  31  3:41  SCV, Barracks  
  31  3:46  Barracks Tech Lab, Supply Depot  
  32  3:53  SCV  
  32  3:54  Cyclone  
  35  4:06  Marauder, Stimpack  
  35  4:07  SCV  
  38  4:21  SCV  
  39  4:26  Medivac  
  41  4:33  SCV  
  41  4:37  Bunker  
  41  4:38  Widow Mine x2, Refinery  
  46  4:45  SCV  
  47  4:47  Orbital Command  
  47  4:57  Barracks Reactor, SCV, Barracks  
  50  5:00  Widow Mine  
  47  5:10  SCV  
  48  5:14  SCV  
  48  5:17  Marine  
  50  5:25  SCV  
  50  5:26  SCV  
  52  5:31  Factory Reactor  
  52  5:35  Marine x2  
  54  5:36  Medivac x2  
  54  5:37  SCV  
  54  5:38  SCV  
  54  5:40  Supply Depot x2  
  60  5:43  Engineering Bay  
  60  5:45  Marine  
  60  5:49  Barracks Tech Lab  
  61  5:51  SCV  
  62  6:01  SCV, Marine x2  
  65  6:16  Marine x2  
  61  6:19  Widow Mine x2, Marine x2  
  61  6:24  SCV  
  67  6:34  Marauder x2  
  67  6:37  Marine x2  
  73  6:40  Command Center  
  73  6:42  Widow Mine x2  
  77  6:48  Terran Infantry Weapons Level 1  
  77  6:55  Supply Depot  
  77  6:56  Medivac x2  
  77  6:58  Marine x2  
  77  7:10  Barracks Tech Lab  
  77  7:14  SCV x2  
  77  7:17  Widow Mine x2  
  77  7:19  Marine x2, Supply Depot  
  77  7:20  Marauder, Supply Depot  
  85  7:23  Supply Depot  
  85  7:37  Marine  
  85  7:40  Marine x2  
  89  7:48  Combat Shields  
  89  7:52  Barracks Tech Lab  
  89  7:54  Widow Mine x2  
  89  7:55  Marine  
  89  7:58  Barracks, Marine x2  
  94  7:59  Supply Depot  
  94  8:00  Barracks  
  94  8:01  Supply Depot  
  94  8:06  SCV  
  94  8:07  SCV  
  94  8:11  Supply Depot  
  96  8:14  Supply Depot  
  96  8:16  Marauder  
  90  8:21  Marine  
  90  8:22  Marauder, Marine  
  90  8:25  SCV  
  83  8:37  Marauder  
  83  8:39  Marine x2  
  81  8:43  Marine  
  78  8:52  SCV  
  72  8:57  Marine x2  
  72  8:59  Marauder  
  72  9:01  SCV, Marine  
  77  9:06  Missile Turret  
  77  9:07  Orbital Command  
  77  9:10  Refinery  
  77  9:11  SCV  
  77  9:13  SCV, Terran Infantry Armor Level 1  
  77  9:15  Barracks Tech Lab, Marine x2  
  77  9:16  Barracks Reactor  
  81  9:20  Marine  
  81  9:21  Widow Mine x2, Barracks Tech Lab  
  84  9:24  SCV  
  84  9:25  SCV  
  84  9:30  Medivac x2  
  90  9:33  Marine  
  90  9:34  SCV, Refinery  
  90  9:36  SCV, Marine  
  94  9:40  Marine  
  94  9:41  Marauder  
  95  9:53  Marine  
  95  9:54  Marine  
  95  9:58  Marauder  
  96  10:02  Marauder, SCV  
  96  10:05  Medivac x2, Widow Mine x2  
  96  10:06  Marine x3  
  108  10:07  SCV x2  
  108  10:10  Marine  
  108  10:11  Marine  
  108  10:13  Engineering Bay  
  112  10:14  SCV  
  112  10:15  Armory  
  112  10:20  Marauder, SCV x2  
  117  10:23  Marauder, Liberator x2, Marine, Refinery  
  117  10:24  Marine x2  
  117  10:26  SCV  
  117  10:28  Missile Turret  
  123  10:32  SCV x2  
  125  10:39  Marine x2  
  125  10:41  Marauder  
  125  10:42  Marauder  
  137  10:45  Marauder  
  138  10:53  SCV  
  138  10:55  Marine x2  
  138  10:57  Marine  
  138  10:59  SCV x2  
  138  11:02  Marauder  
  143  11:13  Command Center, Marine x2  
  143  11:14  Marauder x2  
  145  11:20  Marine x2  
  145  11:21  Widow Mine x2  
  145  11:24  Marauder  
  148  11:29  SCV x2  
  148  11:31  Marine  
  149  11:34  Terran Infantry Weapons Level 2, Terran Infantry Armor Level 2  
  149  11:36  Terran Vehicle And Ship Armor Level 1  
  149  11:40  Medivac, Starport  
  149  11:41  SCV  
  152  11:56  SCV  
  152  11:58  Marauder, Missile Turret, Marine  
  156  12:01  Marine  
  156  12:04  Missile Turret, Supply Depot  
  156  12:05  Marine x2, Supply Depot  
  156  12:06  Marauder x2  
  156  12:07  Supply Depot  
  149  12:15  Marine  
  149  12:19  Marine x2  
  148  12:23  Marine  
  148  12:26  Liberator x2  
  148  12:27  Marauder  
  142  12:30  Marine x2  
  142  12:33  Marine  
  135  12:38  Marauder  
  135  12:40  Marine  
  135  12:41  Marine  
  141  12:48  Planetary Fortress, Marine x2, Marauder  
  141  12:55  Marine  
  128  12:59  Marauder, Marine x2  
  128  13:00  SCV  
  128  13:03  SCV  
  127  13:16  Marine  
  109  13:21  Marine x2  
  109  13:22  Marauder x3, Marine  
  106  13:28  SCV  
  106  13:34  Marine  
  101  13:37  Concussive Shells  
  101  13:39  Marine x2  
  102  13:43  Marauder  
  103  13:52  Marine x3  
  103  14:06  Marauder, Marine  
Show
View Real Time Build Order
Export as new Build Order

Pure Protoss - Winner!

Build Orders:  

Get SALT Encoding   

  12  0:01  Probe  
  13  0:13  Probe  
  14  0:20  Pylon  
  14  0:25  Probe  
  15  0:34  Probe  
  16  0:43  Probe  
  17  0:53  Probe  
  18  1:07  Nexus  
  18  1:13  Gateway  
  18  1:22  Assimilator  
  18  1:26  Assimilator  
  18  1:34  Probe  
  19  1:46  Probe  
  20  1:56  Zealot  
  20  1:58  Probe  
  20  2:00  Cybernetics Core  
  21  2:06  Pylon  
  23  2:15  Probe  
  23  2:21  Pylon  
  23  2:27  Probe  
  23  2:29  Adept  
  23  2:39  Probe  
  25  2:46  Probe  
  25  2:51  Probe  
  25  2:58  Probe  
  26  2:59  Stalker  
  26  3:03  Probe  
  29  3:06  Warp Gate  
  29  3:10  Probe  
  30  3:15  Probe  
  31  3:22  Robotics Facility  
  31  3:25  Probe  
  32  3:28  Probe  
  32  3:31  Stalker  
  33  3:35  Shield Battery  
  35  3:44  Probe  
  36  3:48  Probe  
  37  3:56  Probe  
  38  4:03  Immortal  
  38  4:04  Stalker  
  38  4:06  Probe  
  41  4:10  Probe  
  46  4:18  Probe  
  46  4:22  Probe  
  48  4:27  Pylon  
  48  4:30  Probe  
  49  4:34  Probe  
  50  4:42  Warp Prism  
  50  4:43  Probe  
  53  4:46  Probe  
  52  4:55  Probe  
  52  5:01  Probe  
  51  5:07  Probe  
  51  5:13  Probe  
  53  5:14  Assimilator x2  
  53  5:19  Gateway  
  53  5:22  Stalker, Gateway  
  53  5:25  Probe  
  53  5:26  Observer  
  57  5:30  Robotics Bay, Probe  
  58  5:37  Probe  
  58  5:40  Pylon  
  59  5:43  Twilight Council  
  59  5:45  Stalker  
  59  5:47  Probe  
  62  5:53  Pylon  
  62  5:59  Observer  
  62  6:01  Probe  
  62  6:02  Probe  
  65  6:10  Blink  
  63  6:13  Probe  
  59  6:19  Stalker x3  
  59  6:23  Probe  
  59  6:25  Probe  
  67  6:28  Disruptor  
  65  6:35  Probe  
  69  6:45  Probe  
  70  6:49  Stalker x3  
  70  6:52  Probe  
  78  7:11  Pylon x2, Probe  
  78  7:17  Forge  
  78  7:20  Pylon, Disruptor  
  78  7:29  Robotics Facility, Probe x2  
  83  7:31  Pylon  
  83  7:32  Pylon  
  82  7:43  Probe  
  83  7:44  Stalker  
  83  7:45  Stalker x2  
  89  7:52  Protoss Ground Weapons Level 1  
  89  7:54  Disruptor  
  92  8:08  Stalker x3  
  98  8:19  Nexus  
  97  8:24  Disruptor  
  100  8:41  Disruptor  
  91  8:46  Stalker x3  
  98  8:49  Probe x2  
  100  8:56  Disruptor  
  100  9:01  Probe  
  101  9:06  Pylon  
  104  9:14  Stalker x3  
  104  9:16  Pylon  
  110  9:19  Probe  
  110  9:20  Gateway  
  110  9:21  Gateway  
  111  9:25  Pylon, Disruptor  
  114  9:35  Probe  
  114  9:36  Disruptor  
  118  9:54  Probe, Protoss Ground Weapons Level 2  
  119  10:01  Disruptor  
  119  10:04  Assimilator  
  119  10:05  Probe  
  123  10:08  Assimilator  
  123  10:09  Gateway  
  123  10:10  Pylon, Gateway, Probe  
  123  10:11  Probe  
  123  10:12  Disruptor  
  128  10:18  Charge  
  128  10:22  Probe  
  128  10:23  Probe  
  128  10:26  Pylon  
  130  10:31  Zealot x2  
  134  10:41  Probe  
  135  10:47  Disruptor  
  134  11:00  Stalker x2  
  134  11:01  Stalker, Probe  
  147  11:09  Gateway  
  147  11:10  Pylon  
  147  11:13  Pylon  
  147  11:16  Zealot x4  
  147  11:18  Probe x2  
  141  11:34  Stalker x4  
  141  11:35  Stalker x2  
  141  11:36  Stalker  
  141  11:37  Probe x2  
  160  11:43  Colossus x2  
  163  11:57  Nexus  
  163  12:00  Pylon  
  163  12:01  Pylon  
  163  12:06  Pylon  
  163  12:08  Stalker x3  
  167  12:12  Stalker  
  171  12:36  Warp Prism  
  169  12:46  Zealot x3  
  169  12:47  Zealot x3  
  169  12:48  Zealot x2  
  181  12:59  Probe x3  
  181  13:01  Colossus  
  183  13:20  Colossus  
  174  13:46  Templar Archives  
  174  13:48  Zealot  
  170  13:49  Zealot x7  
  161  14:26  Stalker x8  
  181  14:29  Assimilator x2  
Tags
 
Add a new tag
Caveats
  • Supply blocks, unpowered buildings, or Contaminate may cause inaccurate times.
  • Supply counts are checked every 10 seconds.